Unix NetHack Version 5.0.0-0 post-release - last build May 31 2026 23:59:36 (970b52f25bf058293b47ddfd14a1e40e571c508c,branch:main).

Game began 2026-06-04 20:38:40, ended 2026-06-04 23:28:32.

IanCurtis, chaotic male elven Wizard

           -------------
           |...........|
           |...........|
          #............|
          #--------|----
          ##       #####
           #           #
           #           #      -------
           ###     ----.-     |.....|
             %     |....|     |.....|
             #     |....|  ###......|
             #     |._..-###  |.<)...
 ------------H     |....|     |.....|
 |%.)])]%)?@-@     |)...|     |......
 |.+".)%.!?.|      ------     -------
 |)%.[.%...]|
 |]).%(.).+?|
 ------------

IanCurtis the Thaumaturge  St:10 Dx:15 Co:16 In:19 Wi:12 Ch:10  Chaotic
Dlvl:7  $:751 HP:0(49) Pw:70(78) AC:8  Xp:7 T:5102 

Latest messages:
 The violet fungus touches you!
 The violet fungus touches you again!
 You miss the violet fungus.
 You feel more confident in your weapon skills.
 You hit the violet fungus.
 You are now more skilled in dagger.
 You feel you could be more dangerous!
 You are now more skilled in attack spells.
 You cannot escape from the violet fungus!
 Chris3141592653's ghost touches you!
 The magic-absorbing blade stuns the violet fungus!
 Chris3141592653's ghost touches you!
 The magic-absorbing blade cancels the violet fungus!
 You kill the violet fungus!
 Welcome to experience level 7.
 Chris3141592653's ghost touches you!
 You miss chris3141592653's ghost.
 The magic-absorbing blade stuns chris3141592653's ghost!
 You destroy chris3141592653's ghost!
 You see here an uncursed pick-axe.
 In what direction? k
 The spell hits the pony!
 You kill the pony!
 You see here a scroll labeled HACKEM MUCHE.
 U - a scroll labeled HACKEM MUCHE.
 You see here an uncursed pick-axe.
 "Hello, IanCurtis!  Welcome again to Akureyri's general store!"
 Something is engraved here on the headstone.
 You read: "chris3141592653, killed by a giant mimic".
 You see here a dark blue spellbook (for sale, 667 zorkmids).
 You see here a dark blue spellbook (for sale, 667 zorkmids).
 That crossbow bolt is a small mimic!
 The small mimic hits!
 The magic-absorbing blade stuns the small mimic!
 You hit the small mimic!
 The magic-absorbing blade stuns the small mimic!
 The magic-absorbing blade stuns the small mimic!
 You kill the small mimic!
 Something is engraved here on the headstone.
 You read: "chris3141592653, killed by a giant mimic".
 You see here an uncursed pick-axe.
 The bat bites!
 The bat turns into a minotaur!
 What do you want to write with? [- acenvEJP or ?*] a
 You engrave in the ground with an uncursed athame named Magicbane (weapon in left hand).
 What do you want to engrave in the ground here? Elbereth
 The minotaur hits!
 The minotaur hits again!
 You die...
 Do you want your possessions identified? [ynq] (y) q

Inventory:
 Coins    ('$')
  $ - 751 gold pieces
 Weapons  (')')
  a - the rustproof +0 Magicbane (weapon in left hand)
  E - a blessed +1 quarterstaff
 Armor    ('[')
  H - an uncursed +0 orcish helm (being worn)
  b - an uncursed +0 cloak of magic resistance (being worn)
  t - an uncursed +0 cloak of magic resistance
 Comestibles  ('%')
  u - 2 cursed food rations
  G - 2 cursed tripe rations
  T - an uncursed lizard corpse
 Scrolls  ('?')
  k - an uncursed scroll of blank paper
  i - an uncursed scroll of confuse monster
  z - a cursed scroll of enchant weapon
  j - 2 uncursed scrolls of identify
  U - an uncursed scroll of scare monster
 Spellbooks  ('+')
  S - an uncursed spellbook of extra healing
 Potions  ('!')
  K - 2 uncursed potions of healing
  x - a cursed potion of healing
  w - a cursed potion of levitation
  h - 4 potions of holy water
 Rings    ('=')
  v - an uncursed ring of polymorph
  P - an uncursed ring of polymorph control
  e - an uncursed ring of searching
 Wands    ('/')
  J - a wand of lightning (0:3)
  c - a wand of make invisible (0:7)
 Tools    ('(')
  p - an uncursed wooden harp
  o - an uncursed blindfold
  C - an uncursed blindfold
  n - a magic marker (0:20)

IanCurtis the Wizard's attributes:

Background:
 You were a Thaumaturge, a level 7 male elven Wizard.
 You were chaotic, on a mission for Anhur
 who was opposed by Ptah (lawful) and Thoth (neutral).
 You were left-handed.
 You were in the Dungeons of Doom, on level 7.
 You entered the dungeon 5102 turns ago.
 It was nighttime.
 You had 771 experience points, 509 more were needed to attain level 8.

Basics:
 You had 0 out of 49 hit points.
 You had 70 out of 78 energy points (spell power).
 Your armor class was 8.
 Your wallet contained 751 zorkmids.
 Autopickup was off.

Final Characteristics:
 Your strength was 10 (limit:18).
 Your dexterity was 15 (limit:18).
 Your constitution was 16 (limit:16).
 Your intelligence was 19 (limit:20).
 Your wisdom was 12 (limit:20).
 Your charisma was 10 (limit:18).

Final Status:
 You weren't hungry.
 You were unencumbered.
 You were wielding a dagger.
 You had basic skill with dagger.

Final Attributes:
 You were piously aligned.
 You were magic-protected.
 You were sleep resistant.
 You were telepathic.
 You had infravision.
 You were warded.
 You are dead.

Miscellaneous:
 You encountered 2 bones levels.
 Total elapsed playing time was 1 hour, 22 minutes and 20 seconds.

Major events:
 Turn
    1: IanCurtis the chaotic male elven Wizard entered the dungeon
  816: attained the rank of Conjurer (level 3)
  907: entered the Gnomish Mines
 3501: attained the rank of Thaumaturge (level 6)
 4136: was bestowed with Magicbane by Anhur
 5102: killed by a chameleon imitating a minotaur

Spells:
 Name                 Level Category     Fail Retention
 force bolt             1   attack         0%   71%-75%
 protection             1   clerical       0%   51%-75%

Skills:
 Fighting Skills
   bare handed combat [Unskilled]
   riding             [Unskilled]
 Weapon Skills
   dagger             [Basic]
   knife              [Unskilled]
   axe                [Unskilled]
   short sword        [Unskilled]
   club               [Unskilled]
   mace               [Unskilled]
   quarterstaff       [Skilled]
   polearms           [Unskilled]
   spear              [Unskilled]
   trident            [Unskilled]
   sling              [Unskilled]
   dart               [Unskilled]
   shuriken           [Unskilled]
 Spellcasting Skills
   attack spells      [Skilled]
   healing spells     [Unskilled]
   divination spells  [Unskilled]
   enchantment spells [Basic]
   clerical spells    [Unskilled]
   escape spells      [Unskilled]
   matter spells      [Unskilled]

Voluntary challenges:
 Character rerolling was not enabled.
 You never genocided any monsters.
 You never polymorphed an object.
 You never changed form.
 You used no wishes.
Achievements:
 You attained the rank of Conjurer.
 You entered the Gnomish Mines.
 You entered a shop.
 You attained the rank of Thaumaturge.

 The Dungeons of Doom: levels 1 to 7
    Level 1:
    Level 2:
       Many fountains.
    Level 3:
       A fountain, some sinks.
    Level 4: "vault, spellbooks by down stair"
       An altar to Anhur, a sink.
       Stairs down to The Gnomish Mines.
    Level 5: "vault"
       A general store, a fountain.
    Level 6:
       Some fountains.
    Level 7: <- You were here.
       A general store, an altar to Anhur, a grave.
       Final resting place for
          you, killed by a chameleon imitating a minotaur,
          pots164-Wiz-Hum-Fem-Neu, killed by a bear trap,
          chris3141592653-Wiz-Elf-Mal-Cha, killed by a giant mimic.
 The Gnomish Mines:
    Level 5:
       A grave.
       Final resting place for
          pots164-Kni-Hum-Mal-Law, slipped while mounting a saddled pony called Applejack.


Vanquished creatures:
  a ghost
  a small mimic
  a leprechaun
  a lizard
  2 rock moles
  4 ponies
  a fog cloud
  a shrieker
  a violet fungus
  a gnome leader
  a gnomish wizard
  a gray ooze
  a straw golem
  a little dog
  3 floating eyes
  4 kittens
  2 dwarves
  9 hill orcs
  4 rothes
  a rabid rat
  2 giant bats
  a monkey
 an orc zombie
  2 wererats
  4 iguanas
  2 hobbits
  4 manes
  a hobgoblin
  6 cave spiders
  a brown mold
  a red mold
  4 gnomes
  4 garter snakes
  a gnome zombie
  2 geckos
  4 jackals
  a kobold
  3 sewer rats
  4 grid bugs
  5 lichens
  2 kobold zombies
  3 newts
99 creatures vanquished.

No species were genocided or became extinct.

Game over:
                       ----------
                      /          \
                     /    REST    \
                    /      IN      \
                   /     PEACE      \
                  /                  \
                  |    IanCurtis     |
                  |      751 Au      |
                  |   killed by a    |
                  |    chameleon     |
                  |   imitating a    |
                  |     minotaur     |
                  |       2026       |
                 *|     *  *  *      | *
        _________)/\\_//(\/(/\)/\//\/|_)_______

Goodbye IanCurtis the Wizard...

You died in The Dungeons of Doom on dungeon level 7 with 4070 points,
and 751 pieces of gold, after 5102 moves.
You were level 7 with a maximum of 49 hit points when you died.

